 Dungeon Crawl Stone Soup version 0.31-a0-150-g89dc3ad700 (webtiles) character file.

Game seed: 9106651352357204818

878 jlumianski the Magician (level 8, -2/53 HPs)
             Began as a Djinni Fire Elementalist on June 8, 2023.
             Shot with an arrow by a centaur (6 damage)
             ... on level 5 of the Dungeon.
             The game lasted 00:34:25 (4957 turns).

jlumianski the Magician (Djinni Fire Elementalist)  Turns: 4957, Time: 00:34:25

Health: -2/53      AC:  6    Str: 13    XL:     8   Next: 25%
Gold:   232        EV: 13    Int: 19    God:
                   SH:  0    Dex: 14

rFire   + + +        y - +3 dagger (elec)
rCold   x . .        (no shield)
rNeg    . . .        F - +2 leather armour {rF+}
rPois   ∞            p - +0 helmet
rElec   .            (no cloak)
rCorr   .            (no gloves)
SInv    .            (boots unavailable)
Will    .....        (no amulet)
Stlth   ++           b - ring of wizardry
HPRegen 0.28/turn    q - +6 ring of strength
MPRegen 0.00/turn

%: wizardry (x1), infuse magic (-3 HP)
@: flying
A: sickness immunity, fire resistance 2, cold vulnerability 1, float, innate
caster, HP casting, extra vitality 1
a: no special abilities


You were on level 5 of the Dungeon.
You visited 1 branch of the dungeon, and saw 7 of its levels.

You collected 232 gold pieces.

Inventory:

Hand Weapons
 c - a +0 dagger
 f - a +0 short sword
 y - a +3 dagger of electrocution (weapon)
 A - a +1 falchion of holy wrath
 G - a +3 dagger
Missiles
 k - 7 poisoned darts
 u - 7 boomerangs
Armour
 a - a +0 robe
 e - a +1 robe of willpower
 p - a +0 helmet (worn)
 F - a +2 leather armour of fire resistance (worn)
Jewellery
 b - a ring of wizardry (left hand)
 q - a +6 ring of strength (right hand)
 s - the ring "Qimpoaxt" {rPois rC+}
   (You found it on level 2 of the Dungeon)

   [ring of poison resistance]

   rC:        It protects you from cold.
   rPois:     It protects you from poison.
 E - a ring of resist corrosion
Wands
 D - a wand of flame (12)
Scrolls
 d - 4 scrolls of poison
 i - a scroll of teleportation {unknown}
 j - a scroll of immolation {unknown}
 n - a scroll of noise {unknown}
 r - a scroll of vulnerability {unknown}
 x - 2 scrolls of enchant weapon
 B - a scroll of torment {unknown}
 I - a scroll of enchant armour {unknown}
 J - a scroll of magic mapping {unknown}
 K - a scroll of identify
Potions
 g - a potion of curing
 h - a potion of degeneration
 l - a potion of resistance
 m - a potion of heal wounds
 o - a potion of haste
 t - a potion of ambrosia
 v - 2 potions of brilliance {unknown}
 w - 2 potions of mutation {unknown}
 z - 4 potions of might
 C - 2 potions of lignification
 H - a potion of enlightenment {unknown}


   Skills:
 + Level 1.6 Fighting
 + Level 2.1 Short Blades
 + Level 1.1 Armour
 + Level 4.3 Dodging
 + Level 3.8 Stealth
 * Level 5.3 Spellcasting
 * Level 5.3 Conjurations
 * Level 5.3 Hexes
 * Level 5.3 Summonings
 * Level 5.3 Necromancy
 * Level 5.3 Translocations
 * Level 5.3 Transmutations
 * Level 5.3 Fire Magic
 * Level 5.3 Ice Magic
 * Level 5.3 Air Magic
 * Level 5.3 Earth Magic
 * Level 5.3 Poison Magic


You knew the following spells:

 Your Spells              Type           Power      Damage    Failure   Level
a - Foxfire               Conj/Fire      100%       2x1d9     1%          1
b - Scorch                Fire           50%        2d7       1%          2
c - Volatile Blastmotes   Fire/Tloc      50%        2d14      1%          3
d - Inner Flame           Hex/Fire       25%        N/A       1%          3
e - Flame Wave            Conj/Fire      25%        2d8       7%          4
f - Sandblast             Erth           50%        2d12      1%          1
g - Searing Ray           Conj           50%        2d6       1%          2
h - Lesser Beckoning      Tloc           50%        N/A       1%          2
Your spell library was empty.

Dungeon Overview and Level Annotations

Branches:
Dungeon (7/15)
 Temple: D:4-7

Altars:
Trog
Zin

Shops:
D:3 (   D:7 *

Annotations:
D:4 Duvessa


Innate Abilities, Weirdness & Mutations

You are immune to sickness and miasma.
You are immune to poison.
Your flesh is very heat resistant. (rF++)
You are vulnerable to cold. (rC-)
You float through the air rather than walking.
You learn spells naturally, not from books.
Your magical power is your life essence.
You have superior vitality. (+4 MHP)


Message History

The orc shouts!
Casting: Foxfire (safe; 1% risk of failure)
Confirm with . or Enter, or press ? or * to list all spells.
Flames lash the orc.
The orc is heavily wounded.
The orc's fire resistance burns away.
The foxfire hits the orc!
The orc is burned terribly!
You kill the orc!
Your foxfire dissipates!
You see here a +0 club.
A dart slug comes into view.
Found a cloak.
The dart slug launches a dart at you. The slug dart hits you.
A centaur comes into view.
An orc wizard and an orc come into view.
An orc comes into view. It is wielding a +0 hand axe.
The orc wizard shouts!
The orc shouts! x2
The dart slug launches a dart at you. The slug dart misses you.
The centaur shouts!
The centaur wields a +0 shortbow.
The centaur shoots an arrow.
The arrow hits you!
The orc wizard gestures at you while chanting.
You easily resist.
The centaur shoots an arrow.
The arrow hits you but does no damage.
The centaur shoots an arrow.
The arrow hits you! The dart slug launches a dart at you.
The slug dart hits you.
The centaur shoots an arrow.
The arrow barely misses you.
The centaur shoots an arrow.
The arrow closely misses you.
The centaur shoots an arrow.
The arrow misses you.
The centaur shoots an arrow.
The arrow hits you!
You see here a +0 dagger.
The centaur shoots an arrow.
The arrow hits you!
* * * LOW HITPOINT WARNING * * *
The centaur shoots an arrow.
The arrow hits you!
* * * LOW HITPOINT WARNING * * *
The centaur shoots an arrow.
The arrow hits you.
You die...

#....#.....# # #####
.#..#....###.# #.[..
..##..##.###.# ###########.~~~
..##..##...#.# #.........'.~≈~
.#..#....#.#.# #.........#.~≈≈
#....#..)..#.# #..Y......#.~~~
..##..#....#.# #.........#....
..##...#.#c#.######.........#####
........#.......@....>...........
#####.........##.....[......#####
###....)..##.##....>....#
######.....##.........#####
#.#...#######.........
###...#..#.).)†.########
#..........###### ###.####...##
#.# ###..###### #


You could see a centaur.

Vanquished Creatures
  A black bear (D:5)
  A scorpion (D:5)
  Dowan (D:4)
  3 hounds
  3 jellies (D:2)
  3 orc priests
  5 iguanas
  5 orc wizards
  3 gnolls (D:4)
  2 adders (D:5)
  A dart slug (D:4)
  19 orcs
  6 ball pythons
  7 bats
  12 endoplasms
  5 giant cockroaches
  7 goblins
  2 hobgoblins
  11 kobolds
  3 quokkas
  3 frilled lizards
  4 rats
107 creatures vanquished.

Vanquished Creatures (others)
  235 foxfires
235 creatures vanquished.

Grand Total: 342 creatures vanquished

Notes
Turn   | Place    | Note
-------+----------+-------------------------------------------
     0 | D:1      | jlumianski the Djinni Fire Elementalist began the quest for
                  | the Orb.
     0 | D:1      | jlumianski set off with the following spells memorised:
                  | Foxfire, Scorch, Volatile Blastmotes, Inner Flame, Flame
                  | Wave.
     0 | D:1      | Reached XP level 1. HP: 15/15 MP: 0/0
    88 | D:1      | Reached XP level 2. HP: 21/21 MP: 0/0
   616 | D:2      | Reached XP level 3. HP: 21/25 MP: 0/0
   616 | D:2      | Learned a level 1 spell: Sandblast
   717 | D:2      | Found a bloodstained altar of Trog.
  1046 | D:2      | Identified the ring "Qimpoaxt" {rPois rC+}
  1127 | D:2      | Found a faded altar of an unknown god.
  1380 | D:2      | Reached XP level 4. HP: 27/31 MP: 0/0
  1490 | D:2      | Reached XP level 5. HP: 32/35 MP: 0/0
  1490 | D:2      | Learned a level 2 spell: Searing Ray
  2075 | D:3      | Reached skill level 1 in Short Blades
  2075 | D:3      | Reached XP level 6. HP: 38/40 MP: 0/0
  2275 | D:3      | Found Kympaomy's Weapon Boutique.
  2485 | D:3      | Found a glowing silver altar of Zin.
  2615 | D:4      | Noticed Duvessa
  2739 | D:4      | Noticed Dowan
  3022 | D:5      | Entered Level 5 of the Dungeon
  3205 | D:6      | Noticed a water moccasin
  3285 | D:7      | Found Ovopail's General Store.
  3300 | D:6      | Reached XP level 7. HP: 13/45 MP: 0/0
  3300 | D:6      | Learned a level 2 spell: Lesser Beckoning
  3872 | D:4      | Reached skill level 1 in Fighting
  3900 | D:3      | Upgraded the game from 0.31-a0-149-g3fdcc5976a to
                  | 0.31-a0-150-g89dc3ad700
  4047 | D:3      | Reached skill level 5 in Spellcasting
  4047 | D:3      | Reached skill level 5 in Conjurations
  4047 | D:3      | Reached skill level 5 in Hexes
  4047 | D:3      | Reached skill level 5 in Summonings
  4047 | D:3      | Reached skill level 5 in Necromancy
  4047 | D:3      | Reached skill level 5 in Translocations
  4047 | D:3      | Reached skill level 5 in Transmutations
  4047 | D:3      | Reached skill level 5 in Fire Magic
  4047 | D:3      | Reached skill level 5 in Ice Magic
  4047 | D:3      | Reached skill level 5 in Air Magic
  4047 | D:3      | Reached skill level 5 in Earth Magic
  4047 | D:3      | Reached skill level 5 in Poison Magic
  4456 | D:4      | Killed Dowan
  4583 | D:5      | Reached XP level 8. HP: 52/52 MP: 0/0
  4690 | D:5      | Reached skill level 1 in Armour
  4957 | D:5      | Shot with an arrow by a centaur

Illustrated notes

Levels and vault maps discovered:
D:1:      dpeg_arrival_tiny_a, layout_rooms
D:2:      cheibrodos_fertilizer, layout_basic, basic_altar,
          hellmonk_ecumenical_altar_zigzags
D:3:      layout_basic, zin_statuary, serial_shops, shop,
          kennysheep_generic_room_10
D:4:      layout_rooms, hangedman_abyss_or_decor_passed, uniq_duvessa
D:5:      layout_rooms, nrook_pool_corridor, minivault_26,
          minmay_misc_feat_plants
D:6:      layout_rooms, nrook_campfire, minmay_holes, uniq_pikel
D:7:      layout_cave_pools, minmay_temple_entry_statues_fountains,
          serial_shops, shop, corexii_checkpoint_a, nicolae_letterblocks
          [nicolae_letter_subblock, nicolae_letter_subblock,
          nicolae_letter_subblock, nicolae_letter_subblock,
          nicolae_letter_subblock, nicolae_letter_subblock,
          nicolae_letter_subblock, nicolae_letter_subblock,
          nicolae_letter_subblock, nicolae_letter_subblock,
          nicolae_letter_subblock, nicolae_letter_subblock,
          nicolae_letter_subblock, nicolae_letter_subblock,
          nicolae_letter_subblock, nicolae_letter_subblock,
          nicolae_letter_subblock, nicolae_letter_subblock,
          nicolae_letter_subblock, nicolae_letter_subblock,
          nicolae_letter_subblock, nicolae_letter_subblock,
          nicolae_letter_subblock, nicolae_letter_subblock,
          nicolae_letter_subblock]

Skill      XL: |  1  2  3  4  5  6  7  8 |
---------------+-------------------------+-----
Spellcasting   | 4 5 |  5.3
Conjurations   | 4 5 |  5.3
Hexes          | 4 5 |  5.3
Summonings     | 4 5 |  5.3
Necromancy     | 4 5 |  5.3
Translocations | 4 5 |  5.3
Transmutations | 4 5 |  5.3
Fire Magic     | 4 5 |  5.3
Ice Magic      | 4 5 |  5.3
Air Magic      | 4 5 |  5.3
Earth Magic    | 4 5 |  5.3
Poison Magic   | 4 5 |  5.3
Stealth        | 2 3 |  3.8
Dodging        | 3 4 |  4.3
Short Blades   | 1 2 |  2.1
Fighting       | 1 |  1.6
Armour         | 1 |  1.1

Action                     |  1- 3 |  4- 6 |  7- 9 || total
---------------------------+-------+-------+-------++-------
  Melee: Dagger            |    10 |    16 |    28 ||    54
         Unarmed           |     1 |       |       ||     1
         Short sword       |     4 |    10 |       ||    14
   Cast: Foxfire           |    38 |    56 |    34 ||   128
         Scorch            |     4 |     8 |     8 ||    20
         Searing Ray       |       |     1 |     3 ||     4
         Sandblast         |       |       |     3 ||     3
         Volatile Blastmot |       |       |     1 ||     1
    Use: Scroll            |     1 |       |     7 ||     8
         Potion            |       |       |     1 ||     1
   Stab: Sleeping          |     3 |       |     3 ||     6
 Armour: Robe              |     2 |     6 |     3 ||    11
         Leather armour    |       |       |     4 ||     4
  Dodge: Dodged            |     7 |    30 |    51 ||    88

Table legend: (Time is in decaauts)
 A = Elapsed time spent in this place.
 B = Non-inter-level travel time spent in this place.
 C = Inter-level travel time spent in this place.
 D = Time resting spent in this place.
 E = Time spent auto-exploring this place.
 F = Levels seen in this place.
 G = Mean time per level.
                   A        B        C        D        E       F      G
               +--------+--------+--------+--------+--------+-----+--------+
         Total |   4966 |   4914 |     52 |   1224 |   1987 |   7 |  709.4 |
       Dungeon |   4966 |   4914 |     52 |   1224 |   1987 |   7 |  709.4 |
               +--------+--------+--------+--------+--------+-----+--------+

Top non-repeatable levels by time:
     D:3: 1453 daAuts
     D:4: 1004 daAuts
     D:2: 994 daAuts
     D:1: 677 daAuts
     D:5: 629 daAuts
     D:6: 197 daAuts
     D:7: 9 daAuts
